 Dungeon Crawl Stone Soup version 0.27.1 (webtiles) character file.

Game seed: 7284098313481279772

135 BOMJPIETVODKU the Digger (level 4, -10/35 HPs)
             Began as a Draconian Earth Elementalist on Aug 26, 2021.
             Mangled by a gnoll (20 damage)
             ... on level 2 of the Dungeon.
             The game lasted 00:03:17 (1503 turns).

BOMJPIETVODKU the Digger (DrEE)                     Turns: 1503, Time: 00:03:20

Health: -10/35     AC:  5    Str: 10    XL:     4   Next: 96%
Magic:  1/9        EV: 12    Int: 16    God:
Gold:   42         SH:  5    Dex: 12    Spells: 8/9 levels left

rFire    . . .     SeeInvis .   k - +0 mace
rCold    . . .     Faith    .   (no shield)
rNeg     . . .     Spirit   .   (armour unavailable)
rPois    .         Reflect  +   (helmet restricted)
rElec    .         Harm     .   (no cloak)
rCorr    .         Rampage  .   (no gloves)
Will     .....                  (no boots)
Stlth    ++........             s - amulet of reflection
HPRegen  0.11/turn              (no ring)
MPRegen  0.11/turn              (no ring)

@: no status effects
A: AC +5, unfitting armour, cold-blooded
a: no special abilities


You were on level 2 of the Dungeon.
You visited 1 branch of the dungeon, and saw 2 of its levels.

You collected 42 gold pieces.

Inventory:

Hand Weapons
 k - a +0 mace (weapon)
 r - a +1 dagger of venom
Missiles
 b - 44 stones
Armour
 a - a +0 buckler
Jewellery
 i - a ring of see invisible
 l - a ring of positive energy
 s - an amulet of reflection (around neck)
Wands
 q - a wand of digging (2)
Scrolls
 c - 2 scrolls of identify {unknown}
 f - a scroll of immolation {unknown}
 h - a scroll of teleportation {unknown}
 j - a scroll of summoning {unknown}
 n - a scroll of holy word {unknown}
 o - a scroll of vulnerability {unknown}
Potions
 d - a potion of curing {unknown}
 e - a potion of flight {unknown}
 g - 2 potions of attraction {unknown}
 m - a potion of heal wounds {unknown}
 p - a potion of brilliance {unknown}


   Skills:
 + Level 1.4 Fighting
 - Level 0.4 Maces & Flails
 - Level 1.7 Dodging
 - Level 1.7 Stealth
 * Level 3.4 Spellcasting
 - Level 1.0 Transmutations
 + Level 4.3 Earth Magic


You had 8 spell levels left.
You knew the following spells:

 Your Spells              Type           Power      Damage    Failure   Level
a - Sandblast             Erth           32%        2d9       3%          1

Your spell library contained the following spells:

 Spells                   Type           Power      Damage    Failure   Level
 Passwall                 Tmut/Erth      9%         N/A       9%          2
 Stone Arrow              Conj/Erth      18%        3d8       22%         3
 Petrify                  Tmut/Erth      11%        N/A       52%         4


Dungeon Overview and Level Annotations

Branches:
Dungeon (2/15)

Altars:


Innate Abilities, Weirdness & Mutations

Your plain brown scales are hard. (AC +5)
You cannot fit into any form of body armour.
You are cold-blooded and may be slowed by cold attacks.


Message History

Aiming: Sandblast (safe; 3% risk of failure)
Press: ? - help, Q - select action, (/) - cycle Shift-Dir - straight line, f/p - Terence
Aim: Terence, wielding a +0 antimagic hand axe and wearing a +0 scale mail (almost dead, 82% to hit)
The blast of sand hits Terence but does no damage.
Terence is almost dead.
Terence looks scornfully at you. Terence misses you.
Terence says, "Time to say good-bye..."
There is a stone staircase leading down, spattered with blood here.
Aiming: Sandblast (safe; 3% risk of failure)
Press: ? - help, Q - select action, (/) - cycle Shift-Dir - straight line, f/p - Terence
Aim: Terence, wielding a +0 antimagic hand axe and wearing a +0 scale mail (almost dead, 82% to hit)
The blast of sand hits Terence but does no damage.
Terence is almost dead.
Terence hits you with a +0 antimagic hand axe.
Terence shouts, "Get ready for death!"
Aiming: Sandblast (safe; 3% risk of failure)
Press: ? - help, Q - select action, (/) - cycle Shift-Dir - straight line, f/p - Terence
Aim: Terence, wielding a +0 antimagic hand axe and wearing a +0 scale mail (severely wounded, 82% to hit)
The blast of sand hits Terence!
You kill Terence!
Things that are here:
a +0 antimagic hand axe; a +0 scale mail You start resting.
A gnoll comes into view.
It is wielding a +3 whip of electrocution.
A gnoll is nearby!
Aiming: Sandblast (safe; 3% risk of failure)
Press: ? - help, Q - select action, (/) - cycle Shift-Dir - straight line, f - gnoll
Aim: a gnoll, wielding a +3 whip of electrocution and quivering stones (wandering, hasn't noticed you, 82% to hit)
The blast of sand hits the gnoll.
The gnoll is moderately wounded.
The gnoll shouts!
You hear a shout!
You hit the gnoll but do no damage.
The gnoll is moderately wounded.
The gnoll hits you with a +3 whip of electrocution!
* * * LOW HITPOINT WARNING * * *
You are electrocuted!!
Ouch! That really hurt!
You die...

# # ## ## ### .# #.
.. #.. .# #. #.# ..#
#. #.##.# #.###....#
######.#....# #
#......g@##.# #
.#####.###.# ######
# #.# #.#
##....#####
#.###>#.##.........
#..##.#.##......###
##....>.#######....
##...### #####.##
####..#### #.......
#........####.###...


You could see a gnoll.

Vanquished Creatures
  Jessica (D:2)
  Terence (D:2)
  Natasha (D:2)
  3 adders (D:2)
  A worm (D:2)
  2 dart slugs (D:1)
  2 endoplasms
  3 hobgoblins
  5 kobolds
  A quokka (D:1)
  2 ball pythons (D:1)
  3 bats
  3 frilled lizards (D:1)
  3 rats
31 creatures vanquished.

Notes
Turn   | Place    | Note
-------+----------+-------------------------------------------
     0 | D:1      | BOMJPIETVODKU the Draconian Earth Elementalist began the
                  | quest for the Orb.
     0 | D:1      | Reached XP level 1. HP: 14/14 MP: 3/3
   325 | D:1      | Reached XP level 2. HP: 8/20 MP: 5/5
   956 | D:2      | Found a faded altar of an unknown god.
  1065 | D:2      | Noticed Jessica
  1073 | D:2      | Killed Jessica
  1074 | D:2      | Reached XP level 3. HP: 27/27 MP: 1/7
  1078 | D:2      | Reached skill level 1 in Fighting
  1266 | D:2      | Noticed Natasha
  1271 | D:2      | Killed Natasha
  1272 | D:2      | Reached skill level 4 in Earth Magic
  1272 | D:2      | Reached XP level 4. HP: 34/35 MP: 4/8
  1406 | D:2      | Noticed Terence
  1479 | D:2      | Killed Terence
  1503 | D:2      | Mangled by a gnoll

Illustrated notes

Levels and vault maps discovered:
D:1:      minmay_arrival_hallway, layout_loops_ring
D:2:      layout_rooms, basic_ecumenical_altar, kennysheep_generic_room_13,
          uniq_natasha, uniq_jessica, uniq_terence

Skill      XL: |  1  2  3 |
---------------+----------+-----
Fighting       | 1 |  1.4
Spellcasting   | 3 |  3.4
Earth Magic    | 4 |  4.3
Maces & Flails | |  0.4
Dodging        | |  1.7
Stealth        | |  1.7
Transmutations | |  1.0

Action                   |  1- 3 |  4- 6 || total
-------------------------+-------+-------++-------
Melee: Mace              |    62 |     8 ||    70
       Unarmed           |     2 |       ||     2
       Tailslap          |     4 |       ||     4
 Cast: Sandblast         |     8 |    21 ||    29
 Stab: Sleeping          |     2 |       ||     2
Armor: Skin              |    27 |     3 ||    30
Dodge: Dodged            |    55 |     7 ||    62
Block: Other             |     1 |     6 ||     7
